 Dungeon Crawl Stone Soup version 0.30-a0-964-gd452b5e7fa (webtiles) character file.

Game seed: 5773429993853230179

968 DeathPants the Grave Robber (level 8, -7/42 HPs)
             Began as a Vine Stalker Necromancer on Mar 30, 2023.
             Mangled by a komodo dragon (18 damage)
             ... on level 5 of the Dungeon.
             The game lasted 00:17:55 (4737 turns).

DeathPants the Grave Robber (VSNe)                  Turns: 4737, Time: 00:17:56

Health: -7/42      AC:  5    Str: 11    XL:     8   Next: 15%
Magic:  0/15       EV: 13    Int: 15    God:
Gold:   279        SH:  0    Dex: 17    Spells: 7/16 levels left

rFire   . . .      SeeInvis .    b - +3 whip (protect)
rCold   + . .      Faith    .    (no shield)
rNeg    . . .      Spirit   +    o - +0 robe
rPois   +          Reflect  .    d - +0 helmet
rElec   .          Rampage  .    c - +1 cloak
rCorr   .                        (no gloves)
Will    +....                    (no boots)
Stlth   +++                      (no amulet)
HPRegen 1.07/turn                j - ring of poison resistance
MPRegen 0.14/turn                i - ring of protection from cold

@: no status effects
A: fangs 3, regeneration 1, magic shield, antimagic bite, no potion heal 2
a: no special abilities


You were on level 5 of the Dungeon.
You visited 1 branch of the dungeon, and saw 6 of its levels.
You also visited: Ossuary.

You collected 279 gold pieces.

Inventory:

Hand Weapons
 a - a +0 dagger of speed
 b - a +3 whip of protection (weapon)
 u - a +1 dagger of venom
Missiles
 k - 2 poisoned darts
Armour
 c - a +1 cloak (worn)
 d - a +0 helmet (worn)
 o - a +0 robe (worn)
 q - a +0 buckler
Jewellery
 i - a ring of protection from cold (right hand)
 j - a ring of poison resistance (left hand)
 s - a ring of see invisible
 t - an amulet of regeneration
Scrolls
 e - a scroll of amnesia
 g - a scroll of enchant weapon
 l - 5 scrolls of teleportation
 m - 2 scrolls of identify
Potions
 f - 2 potions of curing
 h - 4 potions of brilliance
 n - a potion of magic
 p - a potion of mutation
 r - a potion of flight
 v - 2 potions of cancellation {unknown}


   Skills:
 + Level 3.9 Fighting
 + Level 3.6 Dodging
 - Level 3.5 Stealth
 - Level 4.5 Spellcasting
 + Level 6.4 Necromancy


You had 7 spell levels left.
You knew the following spells:

 Your Spells              Type           Power      Damage    Failure   Level
a - Necrotise             Necr           88%        1d8       1%          1
b - Vampiric Draining     Necr           22%        2d7       3%          3
c - Agony                 Necr           22%        N/A       32%         5

Your spell library contained the following spells:

 Spells                   Type           Power      Damage    Failure   Level
 Animate Dead             Necr           22%        N/A       12%         4
 Slow                     Hex            12%        N/A       17%         1
 Confusing Touch          Hex            3%         N/A       45%         3
 Gell's Gravitas          Tloc           3%         N/A       45%         3
 Teleport Other           Tloc           3%         N/A       45%         3
 Dispersal                Tloc           1%         N/A       100%        6


Dungeon Overview and Level Annotations

Branches:
Dungeon (6/15)            Ossuary (visited)
 Temple: D:4-7

Altars:
Uskayaw


Innate Abilities, Weirdness & Mutations

You have razor-sharp teeth.
Your natural rate of healing is unusually fast.
When hurt, damage is shared between your health and your magic reserves.
Your bite disrupts and absorbs the magic of your enemies.
Potions cannot restore your health.


Message History

Aim: a komodo dragon (lightly wounded)
You draw life force from the komodo dragon.
You feel life coursing into your body.
The gnoll hits you from afar with a +0 spear.
The gnoll sergeant hits you from afar with a +0 spear.
The komodo dragon barely misses you.
Casting: Vampiric Draining (dangerous; 3% risk of failure)
Confirm with . or Enter, or press ? or * to list all spells.
Aiming: Vampiric Draining (dangerous; 3% risk of failure)
Press: ? - help, Shift-Dir - straight line, f/p - komodo dragon
Aim: a komodo dragon (lightly wounded)
You draw life force from the komodo dragon!
You feel life coursing into your body. The gnoll barely misses you.
The gnoll sergeant barely misses you. The komodo dragon closely misses you.
Casting: Vampiric Draining (dangerous; 3% risk of failure)
Confirm with . or Enter, or press ? or * to list all spells.
You don't have enough magic to cast this spell.
Magic courses through your body. The gnoll misses you.
The gnoll sergeant barely misses you. The komodo dragon closely misses you.
Casting: Vampiric Draining (dangerous; 3% risk of failure)
Confirm with . or Enter, or press ? or * to list all spells.
Aiming: Vampiric Draining (dangerous; 3% risk of failure)
Press: ? - help, Shift-Dir - straight line, f/p - komodo dragon
Aim: a komodo dragon (moderately wounded)
You draw life force from the komodo dragon!
You feel life coursing into your body.
The gnoll hits you from afar with a +0 spear.
The gnoll sergeant closely misses you. The komodo dragon bites you!!
* * * LOW HITPOINT WARNING * * *
Casting: Vampiric Draining (dangerous; 3% risk of failure)
Confirm with . or Enter, or press ? or * to list all spells.
Aiming: Vampiric Draining (dangerous; 3% risk of failure)
Press: ? - help, Shift-Dir - straight line, f/p - komodo dragon
Aim: a komodo dragon (heavily wounded)
You draw life force from the komodo dragon!
You feel life coursing into your body.
The gnoll hits you from afar with a +0 spear.
* * * LOW HITPOINT WARNING * * *
The gnoll sergeant closely misses you. The komodo dragon bites you!!
You die...

....# ......######.#
....# ♣......#... ##
##### #.#.###... #
.♣g####......... #
.............## # .
#######ogg#### # .##
#..gg## . ..# ##.#l#
#.###.##@# #.#.###.#
..####...######
#...!.........## #.#
..
#####...####..##..#
.# #.#.## ##.....
.###
#.###.###....##### .
... ..#
##..#.#......#####.S.
.# ###
#............#.....#


You could see a komodo dragon, a gnoll sergeant, 3 gnolls and an orc.

Vanquished Creatures
  An ice beast (D:4)
  2 ogres
  2 phantoms (D:5)
  2 howler monkeys
  2 human zombies (Ossuary)
  3 hounds
  A gnoll bouda (D:5)
  2 hound zombies (Ossuary)
  4 mummies (Ossuary)
  5 adders
  8 gnolls
  An adder zombie (Ossuary)
  A dart slug (D:2)
  8 orcs
  7 endoplasms
  3 giant cockroaches
  8 goblins
  6 hobgoblins
  7 jackals (D:3)
  11 kobolds
  6 quokkas
  8 ball pythons
  6 bats
  4 frilled lizards
  4 hobgoblin zombies (Ossuary)
  2 jackal zombies (Ossuary)
  An orc zombie (Ossuary)
  8 rats
  A rat zombie (D:4)
124 creatures vanquished.

Notes
Turn   | Place    | Note
-------+----------+-------------------------------------------
     0 | D:1      | DeathPants the Vine Stalker Necromancer began the quest for
                  | the Orb.
     0 | D:1      | Reached XP level 1. HP: 9/9 MP: 4/4
   224 | D:1      | Reached XP level 2. HP: 13/13 MP: 3/6
   933 | D:1      | Reached XP level 3. HP: 16/16 MP: 8/8
  1249 | D:2      | Found a faded altar of an unknown god.
  1260 | D:2      | Learned a level 3 spell: Vampiric Draining
  1669 | D:2      | Gained mutation: Your natural rate of healing is unusually
                  | fast. [Vine Stalker growth]
  1669 | D:2      | Reached XP level 4. HP: 18/21 MP: 6/9
  1938 | D:3      | Reached skill level 1 in Fighting
  2396 | D:3      | Reached XP level 5. HP: 25/25 MP: 11/11
  2482 | D:3      | Found a hide-covered altar of Uskayaw.
  2838 | D:4      | Learned a level 5 spell: Agony
  2874 | D:4      | Reached skill level 5 in Necromancy
  3053 | D:4      | Noticed an ice beast
  3073 | D:4      | Killed an ice beast
  3074 | D:4      | Reached XP level 6. HP: 26/30 MP: 9/13
  3173 | D:4      | Found a sand-covered staircase.
  3182 | Ossuary  | Entered an ossuary
  3211 | Ossuary  | Reached XP level 7. HP: 29/35 MP: 14/14
  4054 | D:5      | Entered Level 5 of the Dungeon
  4553 | D:5      | Reached skill level 6 in Necromancy
  4600 | D:5      | Gained mutation: You have razor-sharp teeth. [Vine Stalker
                  | growth]
  4600 | D:5      | Reached XP level 8. HP: 41/41 MP: 15/15
  4713 | D:5      | Noticed a komodo dragon
  4737 | D:5      | Mangled by a komodo dragon

Illustrated notes

Levels and vault maps discovered:
D:1:      dpeg_arrival_tiny_f, layout_loops_corners, serial_forest,
          infiniplex_forest_zigzag_2, infiniplex_forest_straight_5,
          infiniplex_forest_clump_medium, infiniplex_forest_clump_small,
          infiniplex_forest_lined_1, infiniplex_forest_straight_4,
          infiniplex_forest_clump_tiny, infiniplex_forest_fountain,
          chequers_serial_rivers_micro_b, minmay_close_crescents
D:2:      layout_loops_cross, hellmonk_ecumenical_altar_zigzags
D:3:      layout_basic, nicolae_uskayaw_dance_hall
D:4:      layout_basic, enter_ossuary_3, minmay_fractal_squares_diagonal_5
D:5:      layout_rooms, nicolae_ru_awakened_eye, minmay_temple_entry_trees,
          gammafunk_ghost_cemetery, st_stairs_2, minmay_misc_feat_iff,
          hex_intersection, minmay_manual_moon
D:6:      layout_gridville, minmay_shop_grid_forest,
          hangedman_decor_clover_reticule, uniq_duvessa

Skill      XL: |  1  2  3  4  5  6  7 |
---------------+----------------------+-----
Spellcasting   | 3 4 |  4.5
Fighting       | 1 2 3 |  3.9
Stealth        | 3 |  3.5
Necromancy     | 5 6 |  6.4
Dodging        | 2 3 |  3.6

Action                     |  1- 3 |  4- 6 |  7- 9 || total
---------------------------+-------+-------+-------++-------
  Melee: Short sword       |    41 |       |       ||    41
         Bite              |    19 |    51 |    52 ||   122
         Whip              |    37 |   167 |   156 ||   360
         Punch             |       |     1 |     2 ||     3
   Cast: Necrotise         |    19 |     9 |     2 ||    30
         Vampiric Draining |       |     2 |     4 ||     6
    Use: Scroll            |       |    13 |     3 ||    16
         Potion            |       |       |     1 ||     1
   Stab: Sleeping          |     4 |     2 |     4 ||    10
 Armour: Robe              |    14 |   107 |   102 ||   223
  Dodge: Dodged            |    53 |   167 |   178 ||   398

Table legend: (Time is in decaauts)
 A = Elapsed time spent in this place.
 B = Non-inter-level travel time spent in this place.
 C = Inter-level travel time spent in this place.
 D = Time resting spent in this place.
 E = Time spent auto-exploring this place.
 F = Levels seen in this place.
 G = Mean time per level.
                   A        B        C        D        E       F      G
               +--------+--------+--------+--------+--------+-----+--------+
         Total |   4780 |   4638 |    142 |    276 |   2831 |   7 |  682.9 |
       Dungeon |   4521 |   4379 |    142 |    276 |   2733 |   6 |  753.5 |
       Ossuary |    259 |    259 |      0 |      0 |     98 |   1 |  259.0 |
               +--------+--------+--------+--------+--------+-----+--------+

Top non-repeatable levels by time:
     D:3: 1249 daAuts
     D:1: 1089 daAuts
     D:2: 1011 daAuts
     D:4: 893 daAuts
 Ossuary: 259 daAuts
     D:5: 200 daAuts
     D:6: 77 daAuts
